2389 views
Uploaded 2024-03-05 20:15:21
Game version 1.36 (6115)
9:52 long 1on1 ladder game on (2)EchoIsles_S2_v2.2
Saved by ET88
2389 views
Uploaded 2024-03-05 20:15:21
Game version 1.36 (6115)
9:52 long 1on1 ladder game on (2)EchoIsles_S2_v2.2

41 units @ 3.8k
/ 0.8k
12 buildings @ 2k
/ 0.8k


| Staff of Preservation | 1 | 150 |
| Potion of Healing | 3 | 450 |
| Orb of Venom | 2 | 650 |
| Moonstone | 1 | 50 |
| total: | 7 | 1300g |
| Wisp | 25 | 1500 | / | 0 |
| Archer | 4 | 520 | / | 40 |
| Dryad | 12 | 1740 | / | 720 |
| total: | 41 | 3760g | / | 760w |
| Altar of Elders | 1 | 180 | / | 50 |
| Moon Well | 6 | 1080 | / | 240 |
| Ancient of War | 1 | 150 | / | 60 |
| Hunter's Hall | 1 | 210 | / | 100 |
| Ancient of Wonders | 1 | 90 | / | 30 |
| Ancient of Lore | 2 | 310 | / | 290 |
| Tree of Ages | 2 | 640 | / | 360 |
| Tree of Eternity | 1 | 330 | / | 200 |
| total: | 12 | 2020g | / | 770w |
| 0:01 | Wisp |
| 0:01 | Wisp |
| 0:03 | Altar of Elders |
| 0:06 | Moon Well |
| 0:09 | Wisp |
| 0:18 | Wisp |
| 0:18 | Wisp |
| 0:44 | Ancient of War |
| 0:45 | Wisp |
| 0:47 | Wisp |
| 0:47 | Wisp |
| 0:47 | Wisp |
| 0:47 | Wisp |
| 0:47 | Wisp |
| 0:47 | Wisp |
| 0:47 | Wisp |
| 1:02 | Wisp |
| 1:17 | Wisp |
| 1:29 | Moon Well |
| 1:31 | Wisp |
| 1:31 | Wisp |
| 1:31 | Wisp |
| 1:32 | Wisp |
| 1:32 | Wisp |
| 1:32 | Wisp |
| 1:32 | Wisp |
| 1:38 | Wisp |
| 1:58 | Wisp |
| 2:19 | Mana Burn |
| 2:19 | Mana Burn |
| 2:21 | Archer |
| 2:22 | Archer |
| 2:25 | Wisp |
| 2:39 | Archer |
| 3:09 | Tree of Ages |
| 3:19 | Archer |
| 3:36 | Moon Well |
| 3:46 | Moon Well |
| 3:58 | Moon Well |
| 4:12 | Moon Well |
| 4:35 | Hunter's Hall |
| 4:44 | Ancient of Wonders |
| 4:59 | Evasion |
| 5:37 | Ancient of Lore |
| 5:41 | Ancient of Lore |
| 5:55 | Frost Arrows |
| 6:41 | Staff of Preservation |
| 6:48 | Abolish Magic |
| 6:55 | Tree of Eternity |
| 7:06 | Dryad |
| 7:06 | Dryad |
| 7:06 | Dryad |
| 7:15 | Mana Burn |
| 7:18 | Dryad |
| 7:18 | Dryad |
| 7:35 | Forked Lightning |
| 7:59 | Dryad |
| 8:20 | Dryad |
| 8:20 | Dryad |
| 8:38 | Dryad |
| 8:38 | Dryad |
| 8:38 | Dryad |
| 8:56 | Dryad |
| 9:16 | Potion of Healing |
| 9:26 | Orb of Venom |
| 9:27 | Orb of Venom |
| 9:35 | Moonstone |
| 9:38 | Potion of Healing |
| 9:39 | Potion of Healing |
| Select group | 739 |
| Right click | 633 |
| Select | 151 |
| Build/train/purchase | 71 |
| Use ability | 28 |
| Assign group | 25 |
| Remove unit | 4 |
| Chat | 4 |
| Item give/drop | 2 |
19 units @ 2.8k
/ 0.2k
12 buildings @ 2.1k
/ 0.8k


| Healing Salve | 2 | 200 |
| Scroll of Speed | 1 | 50 |
| Dust of Appearance | 1 | 75 |
| total: | 4 | 325g |
| Peon | 7 | 525 | / | 0 |
| Grunt | 6 | 1200 | / | 0 |
| Raider | 5 | 900 | / | 200 |
| Demolisher | 1 | 220 | / | 50 |
| total: | 19 | 2845g | / | 250w |
| Watch Tower | 2 | 220 | / | 160 |
| Altar of Storms | 1 | 180 | / | 50 |
| Orc Burrow | 4 | 640 | / | 160 |
| Barracks | 1 | 180 | / | 50 |
| Voodoo Lounge | 1 | 130 | / | 30 |
| War Mill | 1 | 205 | / | 0 |
| Great Hall | 1 | 385 | / | 185 |
| Beastiary | 1 | 145 | / | 140 |
| Stronghold | 1 | 315 | / | 190 |
| total: | 12 | 2085g | / | 775w |
| 0:02 | Peon |
| 0:03 | Peon |
| 0:05 | Altar of Storms |
| 0:19 | Orc Burrow |
| 0:23 | Peon |
| 0:34 | Barracks |
| 0:43 | Peon |
| 0:52 | Peon |
| 1:14 | Peon |
| 1:29 | Orc Burrow |
| 1:35 | Grunt |
| 1:56 | Grunt |
| 2:04 | Peon |
| 2:06 | Feral Spirit |
| 2:45 | Stronghold |
| 2:57 | Voodoo Lounge |
| 3:27 | Grunt |
| 3:30 | Orc Burrow |
| 4:01 | Healing Salve |
| 4:14 | Grunt |
| 4:33 | Orc Burrow |
| 5:12 | Beastiary |
| 5:23 | Healing Salve |
| 5:23 | Scroll of Speed |
| 5:37 | Chain Lighting |
| 5:45 | Berserker Strength |
| 5:45 | Grunt |
| 6:00 | Dust of Appearance |
| 6:13 | Shockwave |
| 6:22 | Raider |
| 6:22 | Ensnare |
| 6:39 | War Mill |
| 7:10 | Great Hall |
| 7:13 | Raider |
| 7:23 | Feral Spirit |
| 7:46 | Raider |
| 7:56 | Grunt |
| 8:25 | Endurance Aura |
| 8:42 | Raider |
| 9:04 | Watch Tower |
| 9:04 | Watch Tower |
| 9:11 | Raider |
| 9:12 | Demolisher |
| Right click | 399 |
| Select group | 368 |
| Assign group | 192 |
| Select | 136 |
| Build/train/purchase | 41 |
| Use ability | 14 |
| Chat | 4 |
| Misc. action | 3 |
| Item give/drop | 2 |